 Dungeon Crawl Stone Soup version 0.30-a0-852-g08b95dd62f (webtiles) character file.

Game seed: 14063897935835805941

165 Demosthentine the Poker (level 5, -3/41 HPs)
             Began as a Demonspawn Gladiator on Mar 4, 2023.
             Slain by Duvessa
             ... wielding a +3 rapier
              (5 damage)
             ... on level 5 of the Dungeon.
             The game lasted 00:03:57 (3571 turns).

Demosthentine the Poker (Demonspawn Gladiator)      Turns: 3571, Time: 00:03:57

Health: -3/41      AC:  8    Str: 16    XL:     5   Next: 22%
Magic:  5/5        EV: 12    Int: 10    God:
Gold:   178        SH:  0    Dex: 14    Spells: 4/4 levels left

rFire   . . .      SeeInvis .    a - +0 trident (freeze)
rCold   . . .      Faith    .    (no shield)
rNeg    . . .      Spirit   .    b - +0 leather armour
rPois   .          Reflect  .    c - +0 helmet
rElec   .          Rampage  .    (no cloak)
rCorr   .                        m - +0 pair of gloves
Will    .....                    (no boots)
Stlth   +                        (no amulet)
HPRegen 0.26/turn                (no ring)
MPRegen 0.09/turn                (no ring)

@: no status effects
A: claws 1, molten scales 2
a: no special abilities


You were on level 5 of the Dungeon.
You visited 2 branches of the dungeon, and saw 6 of its levels.

You collected 178 gold pieces.

Inventory:

Hand Weapons
 a - a +0 trident of freezing (weapon)
Missiles
 d - 3 throwing nets (quivered)
 e - a javelin
Armour
 b - a +0 leather armour (worn)
 c - a +0 helmet (worn)
 m - a +0 pair of gloves (worn)
 n - a +0 buckler
Wands
 l - a wand of iceblast (2)
 t - a wand of polymorph (4)
Scrolls
 f - a scroll of blinking
 g - a scroll of fear
 j - a scroll of fog
 o - a scroll of amnesia
Potions
 h - 4 potions of magic
 i - 2 potions of heal wounds
 k - 2 potions of attraction {unknown}
 p - a potion of invisibility
 q - a potion of cancellation
 r - a potion of lignification {unknown}
 s - 2 potions of haste {unknown}
 v - a potion of curing


   Skills:
 + Level 3.1 Fighting
 + Level 3.5 Polearms
 - Level 1.7 Throwing
 + Level 2.0 Armour
 + Level 3.5 Dodging
 + Level 0.8 Shields


You had 4 spell levels left.
You didn't know any spells.
Your spell library contained the following spells:

 Spells                   Type           Power      Damage    Failure   Level
 Call Canine Familiar     Summ           0%         N/A       80%         3
 Portal Projectile        Hex/Tloc       0%         N/A       80%         3
 Leda's Liquefaction      Hex/Erth       0%         N/A       99%         4


Dungeon Overview and Level Annotations

Branches:
Dungeon (5/15)             Temple (1/1) D:4

Altars:
Ashenzari
Cheibriados
Gozag
Ru
Trog
Vehumet
Wu Jian

Annotations:
D:5 Dowan, Duvessa


Innate Abilities, Weirdness & Mutations

You have sharp fingernails.
You are mostly covered in molten scales. (AC +3)


Message History

Duvessa is heavily wounded.
Duvessa hits you with a +3 rapier!
You hit Duvessa. You freeze Duvessa.
Duvessa is heavily wounded.
Duvessa drinks a potion.
Duvessa is healed!
You hit Duvessa but do no damage.
Duvessa is moderately wounded.
Duvessa hits you with a +3 rapier! Duvessa hits you but does no damage.
You are too injured to fight recklessly!
You are too injured to fight recklessly!
You are too injured to fight recklessly!
You are too injured to fight recklessly!
You hit Duvessa but do no damage.
Duvessa is moderately wounded.
Duvessa says, "Where magic fails, the sword succeeds!"
Duvessa hits you with a +3 rapier!
* * * LOW HITPOINT WARNING * * *
You hit Duvessa but do no damage.
Duvessa is moderately wounded.
Duvessa barely misses you.
You barely miss Duvessa.
Duvessa is moderately wounded.
Duvessa hits you with a +3 rapier.
* * * LOW HITPOINT WARNING * * *
You hit Duvessa. You freeze Duvessa.
Duvessa is heavily wounded.
Duvessa hits you with a +3 rapier.
* * * LOW HITPOINT WARNING * * *
You hit Duvessa. You freeze Duvessa.
Duvessa is severely wounded.
Dowan points at Duvessa and mumbles some strange words.
Duvessa seems to speed up.
Duvessa hits you with a +3 rapier.
* * * LOW HITPOINT WARNING * * *
You barely miss Duvessa.
Duvessa is severely wounded.
Duvessa hits you with a +3 rapier.
* * * LOW HITPOINT WARNING * * *
Dowan generates a fountain of clear water, and laughs cruelly.
Duvessa hits you with a +3 rapier.
You die...

#.
#...######.#
#..<@ee.#
#.####..# #
..# ..# .# +


You could see Duvessa (fast) and Dowan.

Vanquished Creatures
  4 gnolls (D:4)
  4 adders
  4 worms
  2 dart slugs (D:2)
  5 orcs
  6 ball pythons
  7 endoplasms
  3 giant cockroaches
  8 goblins
  2 hobgoblins (D:1)
  3 jackals (D:3)
  2 quokkas
  4 bats
  2 frilled lizards (D:2)
  7 kobolds
  11 rats
74 creatures vanquished.

Notes
Turn   | Place    | Note
-------+----------+-------------------------------------------
     0 | D:1      | Demosthentine the Demonspawn Gladiator began the quest for
                  | the Orb.
     0 | D:1      | Reached XP level 1. HP: 16/16 MP: 1/1
   258 | D:1      | Gained mutation: You are partially covered in molten
                  | scales. (AC +2) [demonic ancestry]
   258 | D:1      | Reached XP level 2. HP: 22/22 MP: 2/2
   932 | D:2      | Reached skill level 1 in Armour
   944 | D:2      | Gained mutation: You have sharp fingernails. [demonic
                  | ancestry]
   944 | D:2      | Reached XP level 3. HP: 27/28 MP: 3/3
  1229 | D:2      | Reached XP level 4. HP: 34/34 MP: 4/4
  2385 | D:4      | Found a staircase to the Ecumenical Temple.
  2633 | D:4      | Gained mutation: You are mostly covered in molten scales.
                  | (AC +3) [demonic ancestry]
  2633 | D:4      | Reached XP level 5. HP: 30/41 MP: 5/5
  2682 | Temple   | Entered the Ecumenical Temple
  3557 | D:5      | Entered Level 5 of the Dungeon
  3557 | D:5      | Noticed Duvessa
  3558 | D:5      | Noticed Dowan
  3571 | D:5      | HP: 2/41 [Duvessa/+3 rapier (2)]
  3571 | D:5      | Slain by Duvessa

Illustrated notes

Levels and vault maps discovered:
D:1:      dpeg_arrival_stone_temple_mockup, layout_basic
D:2:      layout_basic, corexii_shack
D:3:      layout_basic, minmay_diced_spiral
D:4:      layout_basic, temple_doors_e
D:5:      layout_loops_cross, kennysheep_mini, minmay_strange_pillars,
          uniq_duvessa, uniq_sigmund, uniq_grinder
Temple:   hellmonk_temple_beads

Skill      XL: |  1  2  3  4  5 |
---------------+----------------+-----
Polearms       | 3 |  3.5
Armour         | 1 2 |  2.0
Dodging        | 3 |  3.5
Fighting       | 3 |  3.1
Throwing       | |  1.7
Shields        | |  0.8

Action                     |  1- 3 |  4- 6 || total
---------------------------+-------+-------++-------
  Melee: Trident           |   118 |   119 ||   237
         Punch             |     1 |       ||     1
    Use: Scroll            |     4 |     8 ||    12
   Stab: Sleeping          |     3 |     2 ||     5
 Armour: Leather armour    |    33 |    35 ||    68
  Dodge: Dodged            |    68 |    57 ||   125

Table legend: (Time is in decaauts)
 A = Elapsed time spent in this place.
 B = Non-inter-level travel time spent in this place.
 C = Inter-level travel time spent in this place.
 D = Time resting spent in this place.
 E = Time spent auto-exploring this place.
 F = Levels seen in this place.
 G = Mean time per level.
                   A        B        C        D        E       F      G
               +--------+--------+--------+--------+--------+-----+--------+
         Total |   3627 |   3518 |    109 |      0 |   2870 |   6 |  604.5 |
       Dungeon |   3450 |   3342 |    108 |      0 |   2770 |   5 |  690.0 |
        Temple |    176 |    176 |      0 |      0 |    100 |   1 |  176.0 |
               +--------+--------+--------+--------+--------+-----+--------+

Top non-repeatable levels by time:
     D:4: 1130 daAuts
     D:3: 821 daAuts
     D:1: 804 daAuts
     D:2: 678 daAuts
  Temple: 176 daAuts
     D:5: 15 daAuts
